[Event "fics rated crazyhouse match"]
[Site "fics, Oklahoma City, OK USA"]
[Date "2000.03.19"]
[White "Gobi"]
[WhiteElo "2264"]
[Black "Lomboc"]
[BlackElo "2199"]
[TimeControl "60+0"]
[Result "1-0"]

1. e4 e6 2. d4 Nf6 3. Bd3 d5 4. e5 Nfd7 5. Nc3 Nb6 6. Nge2 
Nc6 7. O-O Bd7 8. a4 a5 9. Bb5 Nxe5 10. dxe5 Bxb5 11. axb5 B@c4 
12. B@d3 Bxd3 13. cxd3 B@d7 14. Nd4 Bc5 15. Be3 Bxd4 16. Bxd4 N@f5 17. Bxb6 
cxb6 18. N@d6+ Nxd6 19. exd6 P@c7 20. B@e7 cxd6 21. Bxd8 Kxd8 22. B@d4 B@c5 
23. Bxg7 Rg8 24. N@h6 Rxg7 25. Q@f6+ B@e7 26. Qxg7 N@f5 27. Nxf7+ Kc7 28. Qxh7 
B@f6 29. Rc1 Bxc3 30. Rxc3 Nd4 31. B@g4 P@f5 32. P@e5 fxg4 33. exd6+ Bxd6 
34. Nxd6 Kxd6 35. P@e5+ Kc7 36. B@d6+ Kc8 37. R@d8+ Kxd8 38. P@c7+ Ke8 39. Qe7# 
{Lomboc checkmated} 1-0

[Event "fics rated crazyhouse match"]
[Site "fics, Oklahoma City, OK USA"]
[Date "2000.03.19"]
[White "Lomboc"]
[WhiteElo "2192"]
[Black "Gobi"]
[BlackElo "2271"]
[TimeControl "60+0"]
[Result "0-1"]

1. e4 Nf6 2. Nc3 Nc6 3. d4 e6 4. d5 exd5 5. exd5 Qe7+ 6. P@e3 
Ne5 7. Nf3 Nxf3+ 8. gxf3 d6 9. Rg1 Bd7 10. Bb5 P@c6 11. Bc4 cxd5 
12. Bxd5 P@c6 13. Be4 d5 14. Bd3 N@e5 15. Be2 h6 16. P@d4 Ng6 17. Bd2 
Nh4 18. N@f4 g5 19. Ng2 Nxg2+ 20. Rxg2 Bh3 21. Bf1 Bxg2 22. Bxg2 N@h4 
23. B@f1 R@g1 24. Ke2 Nxg2 25. Bxg2 Rxg2 26. Qf1 Rxh2 27. N@f5 Qd7 28. Re1 
Qxf5 29. Kd1 N@c4 30. Bc1 P@d2 31. Bxd2 Nxb2+ 32. Kc1 Ba3 33. Kb1 Nc4 
34. N@g3 Nxd2+ 35. Ka1 P@b2# 
{Lomboc checkmated} 0-1

[Event "fics rated crazyhouse match"]
[Site "fics, Oklahoma City, OK USA"]
[Date "2000.03.19"]
[White "Gobi"]
[WhiteElo "2277"]
[Black "Lomboc"]
[BlackElo "2186"]
[TimeControl "60+0"]
[Result "1-0"]

1. e4 e6 2. Nc3 d5 3. exd5 exd5 4. Nf3 Nf6 5. Bb5+ c6 6. Be2 
Be7 7. d4 Bg4 8. Bf4 P@c7 9. Ne5 Be6 10. P@g5 Ne4 11. Nxe4 dxe4 
12. N@h5 Rg8 13. h4 N@b4 14. a3 Nd5 15. Bd2 Nd7 16. Nxd7 Bxd7 17. Nxg7+ 
Rxg7 18. P@h6 Rg8 19. N@g7+ Kf8 20. Bc4 Nb6 21. Ba2 N@g6 22. h5 N@h4 
23. hxg6 Nxg2+ 24. Kf1 fxg6 25. Bxg8 Kxg8 26. N@e5 B@e6 27. Nxe6 Bxe6 28. R@g7+ 
Kh8 29. Rxe7 Ne3+ 30. Bxe3 P@g2+ 31. Kxg2 P@f3+ 32. Kh2 
{Lomboc forfeits on time} 1-0

[Event "fics rated crazyhouse match"]
[Site "fics, Oklahoma City, OK USA"]
[Date "2000.03.19"]
[White "Lomboc"]
[WhiteElo "2180"]
[Black "Gobi"]
[BlackElo "2283"]
[TimeControl "60+0"]
[Result "0-1"]

1. e3 Nf6 2. d4 d5 3. Nf3 Bf5 4. Bd3 Bg6 5. Bxg6 hxg6 6. B@g5 
Nbd7 7. Bxf6 gxf6 8. Nc3 c6 9. h3 B@g4 10. O-O Bxf3 11. Qxf3 N@g5 
12. Qe2 e5 13. B@g4 f5 14. dxe5 Nxe5 15. P@f4 Nxg4 16. fxg5 Qxg5 17. N@c7+ 
Ke7 18. Nxa8 Rxh3 19. e4 B@h2+ 20. Kh1 Bf4+ 21. gxh3 P@g2+ 22. Kxg2 Ne3+ 
23. Kf3 B@g2# 
{Lomboc checkmated} 0-1

[Event "fics rated crazyhouse match"]
[Site "fics, Oklahoma City, OK USA"]
[Date "2000.03.19"]
[White "Gobi"]
[WhiteElo "2289"]
[Black "Lomboc"]
[BlackElo "2174"]
[TimeControl "60+0"]
[Result "1-0"]

1. e4 d5 2. exd5 Qxd5 3. Nc3 Qd8 4. d4 e6 5. Nf3 Nc6 6. Bb5 
Bd7 7. h3 a6 8. Be2 Nf6 9. O-O Bb4 10. Ne5 Bxc3 11. bxc3 Nd5 
12. B@e1 N@e4 13. P@b2 P@f6 14. Nxd7 Qxd7 15. c4 Nde7 16. Be3 N@f5 17. Bf3 
Ned6 18. d5 Ne5 19. dxe6 Nxf3+ 20. Qxf3 fxe6 21. P@c5 B@e4 22. Qg4 Bxg2 
23. Qxg2 Nxc4 24. B1d2 P@d4 25. Bf4 e5 26. N@h5 e4 27. Qxe4 Nxd2 28. Nxg7+ 
Nxg7 29. P@e6 Nxe4 30. exd7+ Kxd7 31. B@g4+ P@e6 32. P@g2 
{Lomboc forfeits on time} 1-0

[Event "fics rated crazyhouse match"]
[Site "fics, Oklahoma City, OK USA"]
[Date "2000.03.19"]
[White "Lomboc"]
[WhiteElo "2169"]
[Black "Gobi"]
[BlackElo "2294"]
[TimeControl "60+0"]
[Result "0-1"]

1. e3 e5 2. d4 exd4 3. exd4 d5 4. Nf3 Nf6 5. Bb5+ c6 6. Qe2+ 
Be7 7. Bf4 P@c7 8. Bd3 O-O 9. O-O Re8 10. Ne5 Be6 11. P@h6 gxh6 
12. Bxh6 P@g7 13. Bxg7 Kxg7 14. P@g5 Ng8 15. Ng4 Bxg5 16. f4 Bxg4 17. Qxg4 
B@e3+ 18. P@f2 Bxf4 19. B@e5+ Bxe5 20. dxe5 Rxe5 21. B@d4 Nd7 22. f4 B@e3+ 
23. Bxe3 Rxe3 24. fxg5 Ne5 25. B@d4 B@b6 26. Bxe5+ Rxe5+ 27. B@f2 Rxg5 28. N@f5+ 
Kf8 29. Qf4 N@f3+ 30. Qxf3 Rxf5 31. Qf4 Bxf2+ 32. Rxf2 Rxf4 33. N@e6+ Ke8 
34. Rxf4 Kd7 35. Ng7 Qe7 36. R@d6+ Kxd6 37. B@h3 Qf6 
{Lomboc forfeits on time} 0-1

[Event "fics rated crazyhouse match"]
[Site "fics, Oklahoma City, OK USA"]
[Date "2000.03.19"]
[White "Gobi"]
[WhiteElo "2299"]
[Black "Lomboc"]
[BlackElo "2164"]
[TimeControl "60+0"]
[Result "0-1"]

1. e4 e6 2. Nc3 d5 3. exd5 exd5 4. Nf3 Nf6 5. d4 Be7 6. Bb5+ 
Bd7 7. Ne5 Bxb5 8. Nxb5 O-O 9. B@g3 Ne4 10. Nxf7 Rxf7 11. Bxc7 Qd7 
12. Bxb8 Qxb5 13. P@e6 Rxf2 14. P@f7+ Kh8 15. Be3 P@d2+ 16. Bxd2 Rxg2 17. Qh5 
Qe2+ 18. Qxe2 Rxe2+ 19. Kd1 Rxd2+ 20. Kc1 Rxc2+ 21. Kb1 Rxb2+ 22. Kxb2 Q@c3+ 
23. Kb1 N@a3# 
{Gobi checkmated} 0-1

[Event "fics rated crazyhouse match"]
[Site "fics, Oklahoma City, OK USA"]
[Date "2000.03.19"]
[White "Lomboc"]
[WhiteElo "2175"]
[Black "Gobi"]
[BlackElo "2288"]
[TimeControl "60+0"]
[Result "0-1"]

1. f4 d5 2. e3 Nf6 3. Nf3 Nc6 4. d3 Bg4 5. Be2 Bxf3 6. Bxf3 
e5 7. f5 e4 8. dxe4 dxe4 9. Qxd8+ Rxd8 10. P@e6 P@f2+ 11. Ke2 exf3+ 
12. gxf3 B@c4+ 13. P@d3 N@g1+ 14. Kxf2 Q@e2+ 15. Kxg1 Bxe6 16. B@f2 Bxf5 17. N@g3 
Qxf3 18. P@g2 Qxg2+ 19. Kxg2 P@h3+ 20. Kf3 Bg4+ 21. Kf4 Bd6+ 22. Kg5 h6+ 
23. Kh4 P@g5# 
{Lomboc checkmated} 0-1

[Event "fics rated crazyhouse match"]
[Site "fics, Oklahoma City, OK USA"]
[Date "2000.03.19"]
[White "Gobi"]
[WhiteElo "2293"]
[Black "Lomboc"]
[BlackElo "2170"]
[TimeControl "60+0"]
[Result "1-0"]

1. e4 e5 2. Nc3 Nf6 3. Bc4 d6 4. d3 Be7 5. h3 O-O 6. Be3 
Nbd7 7. Nf3 Nb6 8. Bb3 Be6 9. Bxe6 fxe6 10. Ng5 B@d7 11. B@b3 Qc8 
12. O-O a5 13. a4 h6 14. Bxb6 cxb6 15. Nxe6 Bxe6 16. Bxe6+ Qxe6 17. B@b3 
d5 18. exd5 Qf5 19. d6+ B@e6 20. dxe7 Rfe8 21. Bxe6+ Qxe6 22. B@b3 B@d5 
23. Bxd5 Nxd5 24. Nxd5 N@f4 25. Nxf4 exf4 26. B@b3 B@f7 27. Bxe6 Bxe6 28. P@g6 
Rxe7 29. P@d6 Rd7 30. Q@h7+ Kf8 31. Qh8+ B@g8 32. N@h7+ Ke8 33. B@f7+ Bxf7 
34. gxf7+ Rxf7 35. Qxg8+ B@f8 36. N@c7+ Rxc7 37. Qxf8+ Kd7 38. N@e5+ Ke6 39. Qg4# 
{Lomboc forfeits on time} 1-0

[Event "fics rated crazyhouse match"]
[Site "fics, Oklahoma City, OK USA"]
[Date "2000.03.19"]
[White "Lomboc"]
[WhiteElo "2165"]
[Black "Gobi"]
[BlackElo "2298"]
[TimeControl "60+0"]
[Result "0-1"]

1. d4 Nf6 2. Nc3 d6 3. Nf3 a6 4. e4 Bg4 5. Bg5 Nbd7 6. Be2 
h6 7. Bh4 g5 8. Bg3 Bg7 9. Ne5 Bxe2 10. Nxe2 dxe5 11. dxe5 Ng4 
12. B@b3 Ndxe5 13. Bxe5 Nxe5 14. P@d4 Ng6 15. N@f5 B@f6 16. e5 B@a5+ 17. c3 
Bxe5 18. d5 N@h4 19. Nxg7+ Bxg7 20. B@f1 P@f3 21. Nd4 fxg2 22. Bxg2 Nxg2+ 
23. Kd2 Bxd4 24. Kc2 B@f5+ 25. P@d3 Baxc3 26. bxc3 Bxc3 27. Qf3 Bxa1 28. Rxa1 
P@d4 29. B@b4 N@e3+ 30. fxe3 Nxe3+ 31. Kd2 N@f4 32. B@e6 R@g2+ 33. Qxg2 Bxe6 
34. dxe6 P@c3+ 35. Ke1 B@b2 
{Lomboc forfeits on time} 0-1

[Event "fics rated crazyhouse match"]
[Site "fics, Oklahoma City, OK USA"]
[Date "2000.03.19"]
[White "Gobi"]
[WhiteElo "2303"]
[Black "Lomboc"]
[BlackElo "2160"]
[TimeControl "60+0"]
[Result "1-0"]

1. e4 d6 2. Nc3 Nf6 3. Bc4 Nc6 4. d3 e6 5. Nf3 Be7 6. O-O 
O-O 7. Re1 d5 8. Bb5 dxe4 9. dxe4 Qxd1 10. Rxd1 Nb4 11. P@h6 Q@g6 
12. hxg7 Qxg7 13. P@h6 Qg6 14. Q@g7+ Qxg7 15. hxg7 Kxg7 16. Bh6# 
{Lomboc resigns} 1-0

[Event "fics rated crazyhouse match"]
[Site "fics, Oklahoma City, OK USA"]
[Date "2000.03.19"]
[White "Lomboc"]
[WhiteElo "2155"]
[Black "Gobi"]
[BlackElo "2308"]
[TimeControl "60+0"]
[Result "0-1"]

1. e4 Nf6 2. Nc3 e5 3. Nf3 Nc6 4. Bc4 Bc5 5. Na4 Be7 6. Bxf7+ 
Kxf7 7. P@d5 Re8 8. dxc6 dxc6 9. Nxe5+ Kf8 10. P@g6 Bd6 11. gxh7 Bxe5 
12. h8=Q+ B@g8 13. N@g6+ Kf7 14. Nxe5+ Rxe5 15. d4 Rxe4+ 16. P@e3 N@g6 17. B@h5 
Nxh5 18. Qhxh5 B@g4 19. Qhxg4 Bxg4 20. B@f3 Bxf3 21. Qxf3+ N@f6 22. N@g5+ Kf8 
23. Nxe4 B@g4 24. Qxg4 Nxg4 25. B@h5 Qh4 26. Bxg4 Qxg4 27. B@f3 Qe6 28. Bd2 
P@e7 29. Bb4 B@d6 30. Ng5 Qf5 31. Bxd6 exd6 32. B@g4 Qxg5 33. N@e6+ Bxe6 
34. Bxe6 Qxe3+ 35. fxe3 P@f2# 
{Lomboc forfeits on time} 0-1

[Event "fics rated crazyhouse match"]
[Site "fics, Oklahoma City, OK USA"]
[Date "2000.03.19"]
[White "Lomboc"]
[WhiteElo "2145"]
[Black "Gobi"]
[BlackElo "2318"]
[TimeControl "60+0"]
[Result "0-1"]

1. e4 Nf6 2. Nc3 e5 3. Bc4 Nc6 4. Nf3 Be7 5. Bxf7+ Kxf7 6. P@d5 
B@d4 7. dxc6 dxc6 8. Nxd4 exd4 9. N@g5+ Kf8 10. e5 Ng8 11. B@e6 Bxg5 
12. Bxc8 Qxc8 13. Ne4 N@h4 14. Nxg5 Nxg2+ 15. Kf1 B@h3 16. Qf3+ Nf4+ 17. Nxh3 
Qxh3+ 18. Qxh3 P@e2+ 19. Ke1 N@g2+ 20. Qxg2 Nxg2+ 21. Kxe2 N@f4+ 22. Kf3 Q@e2+ 
23. Kg3 P@h4# 
{Lomboc checkmated} 0-1

[Event "fics rated crazyhouse match"]
[Site "fics, Oklahoma City, OK USA"]
[Date "2000.03.19"]
[White "Gobi"]
[WhiteElo "2322"]
[Black "Lomboc"]
[BlackElo "2141"]
[TimeControl "60+0"]
[Result "1-0"]

1. e4 Nf6 2. Nc3 d5 3. exd5 Nxd5 4. Nf3 e6 5. d4 Nc6 6. Ne4 
Bb4+ 7. c3 Be7 8. Bd3 Bd7 9. Ng3 Nf6 10. P@e5 Nd5 11. Nh5 Bf8 
12. a3 P@g6 13. Ng3 Nde7 14. O-O Nf5 15. Bg5 Be7 16. Bxe7 Qxe7 17. B@c5 
Qd8 18. Bxf5 gxf5 19. Nh5 B@e7 20. Nxg7+ Kf8 21. Bxe7+ Nxe7 22. B@h6 Kg8 
23. N@f6+ Kf8 24. Nxe6# 
{Lomboc checkmated} 1-0

[Event "fics rated crazyhouse match"]
[Site "fics, Oklahoma City, OK USA"]
[Date "2000.03.19"]
[White "Lomboc"]
[WhiteElo "2137"]
[Black "Gobi"]
[BlackElo "2326"]
[TimeControl "60+0"]
[Result "0-1"]

1. e4 e5 2. Nc3 Nc6 3. Bb5 Nf6 4. Nf3 Bc5 5. Bxc6 dxc6 6. O-O 
Bg4 7. h3 Bxf3 8. Qxf3 N@d4 9. Qg3 B@f4 10. Qxg7 Rg8 11. N@h5 Rxg7 
12. Nxg7+ Kd7 13. P@g3 Qg8 14. B@f5+ Nxf5 15. Nxf5 Bxg3 16. Nxg3 Qxg3 17. B@h2 
Bxf2+ 18. Rxf2 Q@e1+ 19. R@f1 Qgxf2# 
{Lomboc resigns} 0-1

[Event "fics rated crazyhouse match"]
[Site "fics, Oklahoma City, OK USA"]
[Date "2000.03.19"]
[White "Gobi"]
[WhiteElo "2330"]
[Black "Lomboc"]
[BlackElo "2133"]
[TimeControl "60+0"]
[Result "1-0"]

1. e4 e5 2. Nc3 Bb4 3. Nf3 Nc6 4. Bc4 Nf6 5. O-O O-O 6. d3 
Bxc3 7. bxc3 d5 8. exd5 Nxd5 9. Bxd5 Qxd5 10. B@e4 Qe6 11. P@f5 Qe7 
12. Bxc6 bxc6 13. f6 gxf6 14. Bh6 Re8 15. Nh4 N@g4 16. N@f5 Qe6 17. Qxg4+ 
P@g6 18. N@e7+ Rxe7 19. Nxe7+ Qxe7 20. R@g7+ Kh8 21. N@f5 Bxf5 22. Nxf5 N@e2+ 
23. Kh1 B@f3 24. Qxf3 gxf5 25. Qxe2 
{Lomboc forfeits on time} 1-0

[Event "fics rated crazyhouse match"]
[Site "fics, Oklahoma City, OK USA"]
[Date "2000.03.19"]
[White "Lomboc"]
[WhiteElo "2129"]
[Black "Gobi"]
[BlackElo "2334"]
[TimeControl "60+0"]
[Result "0-1"]

1. e4 e5 2. Nc3 Nc6 3. Bc4 Nf6 4. Nf3 Bc5 5. Bxf7+ Kxf7 6. P@d5 
Re8 7. dxc6 dxc6 8. Ng5+ Kf8 9. N@d3 Bd4 10. Nf3 B@h5 11. O-O Bcg4 
12. Nde1 Bxc3 13. bxc3 Nxe4 14. Ba3+ P@d6 15. B@e2 Qf6 16. h3 Bxf3 17. Nxf3 
N@f4 18. B@d3 Ng5 19. Nxg5 Qxg5 20. N@g4 Nxd3 21. cxd3 N@f4 22. N@f3 Nxe2+ 
23. Qxe2 Qf5 24. Nh4 N@f4 25. Qf3 Nxh3+ 26. Qxh3 Bxg4 27. Nxf5 Bxh3 28. Q@h8+ 
Q@g8 29. Qxg8+ Kxg8 30. N@e7+ Rxe7 31. Nxe7+ Kf7 32. N@g5+ Ke8 33. Q@f7+ Kd7 
{Lomboc forfeits on time} 0-1

[Event "fics rated crazyhouse match"]
[Site "fics, Oklahoma City, OK USA"]
[Date "2000.03.19"]
[White "Gobi"]
[WhiteElo "2338"]
[Black "Lomboc"]
[BlackElo "2125"]
[TimeControl "60+0"]
[Result "1-0"]

1. e4 e6 2. Nf3 d5 3. exd5 exd5 4. Nc3 Nf6 5. Bb5+ P@c6 6. Be2 
Bg4 7. d4 Bb4 8. Ne5 Bxe2 9. Qxe2 O-O 10. P@h6 gxh6 11. Bxh6 B@e7 
12. P@g7 Re8 13. O-O Bxc3 14. bxc3 P@e4 15. f3 N@f5 16. B@d2 Nxh6 17. Bxh6 
B@f5 18. fxe4 Nxe4 19. Nxf7 Kxf7 20. Rxf5+ Bf6 21. N@h8+ Ke7 22. Rxf6 Kd7 
23. B@g4+ P@e6 24. Rxe6 Rxe6 25. Bxe6+ Kxe6 26. B@f7+ Kd7 27. B@f5+ Ke7 28. R@e6+ 
Kd7 29. Re8+ Kd6 30. P@e5# 
{Lomboc checkmated} 1-0

[Event "fics rated crazyhouse match"]
[Site "fics, Oklahoma City, OK USA"]
[Date "2000.03.19"]
[White "Lomboc"]
[WhiteElo "2121"]
[Black "Gobi"]
[BlackElo "2342"]
[TimeControl "60+0"]
[Result "1-0"]

1. e4 e5 2. Nc3 Nc6 3. Nf3 Nf6 4. Bb5 Bc5 5. O-O d6 6. h3 
O-O 7. d3 Nd4 8. Nxd4 Bxd4 9. Ne2 Bb6 10. Ng3 c6 11. Ba4 N@f4 
12. N@f5 Bxf5 13. Nxf5 N@g6 14. B@g5 d5 15. Bcxf4 exf4 16. exd5 cxd5 17. P@h6 
Bxf2+ 18. Rxf2 P@g3 19. Rf1 B@b6+ 20. Kh1 Ne4 21. dxe4 Qxg5 22. hxg7 f6 
23. N@h6+ Qxh6 24. Nxh6+ Kxg7 25. Nf5+ Kf7 26. Q@g7# 
{Gobi forfeits on time} 1-0

[Event "fics rated crazyhouse match"]
[Site "fics, Oklahoma City, OK USA"]
[Date "2000.03.19"]
[White "Gobi"]
[WhiteElo "2330"]
[Black "Lomboc"]
[BlackElo "2133"]
[TimeControl "60+0"]
[Result "1-0"]

1. d4 d5 2. Nc3 Nf6 3. Bf4 e6 4. e3 Bb4 5. Bb5+ Bd7 6. Bd3 
Nc6 7. Ne2 O-O 8. O-O Bd6 9. h3 e5 10. dxe5 Bxe5 11. P@g5 Nh5 
12. Nxd5 Bxf4 13. exf4 Bxh3 14. gxh3 B@f3 15. B@e4 Nxf4 16. Ndxf4 Qxg5+ 17. P@g3 
P@g4 18. B@h4 Qe5 19. hxg4 Bxg4 20. N@f3 Bxf3 21. Bxf3 P@g5 22. P@d4 Nxd4 
23. Nxd4 gxf4 24. Re1 P@e3 25. gxf4 exf2+ 26. Bxf2 N@h3+ 27. Kf1 Qxf4 28. B@g3 
N@h2+ 29. Bxh2 Qxh2 30. N@g4 
{Lomboc forfeits on time} 1-0

[Event "fics rated crazyhouse match"]
[Site "fics, Oklahoma City, OK USA"]
[Date "2000.03.19"]
[White "Lomboc"]
[WhiteElo "2129"]
[Black "Gobi"]
[BlackElo "2334"]
[TimeControl "60+0"]
[Result "0-1"]

1. d4 d5 2. Nc3 Bf5 3. e3 Nf6 4. Nf3 e6 5. Bb5+ c6 6. Bd3 
Be7 7. Bxf5 exf5 8. Ne5 O-O 9. Nxf7 Kxf7 10. B@e6+ Kxe6 11. O-O B@h5 
12. f3 Kf7 13. Qe1 Kg8 14. e4 fxe4 15. fxe4 dxe4 16. Nxe4 Nxe4 17. Rxf8+ 
Qxf8 
{Lomboc resigns} 0-1

[Event "fics rated crazyhouse match"]
[Site "fics, Oklahoma City, OK USA"]
[Date "2000.03.19"]
[White "Gobi"]
[WhiteElo "2338"]
[Black "Lomboc"]
[BlackElo "2125"]
[TimeControl "60+0"]
[Result "1-0"]

1. e4 Nc6 2. d4 e5 3. d5 Nb8 4. Nf3 d6 5. Nc3 Nf6 6. h3 
Be7 7. Be2 O-O 8. Be3 Nbd7 9. O-O Nc5 10. Nd2 Ncd7 11. Bg4 Re8 
12. Be6 Nf8 13. Bxf7+ Kxf7 14. P@e6+ Kg8 15. Bxa7 Rxa7 16. P@f7+ Kh8 17. fxe8=Q 
Qxe8 18. Nc4 Nxe6 19. dxe6 Bxe6 20. N@d5 Bxd5 21. exd5 B@f5 22. B@e6 B@g6 
23. Bxf5 Bxf5 24. Ne3 B@g6 25. Nxf5 Bxf5 26. B@e6 Bxe6 27. dxe6 B@g6 28. B@g5 
Qc6 29. Bxf6 Qxg2+ 30. Kxg2 N@f4+ 31. Kh2 Bxf6 32. R@f8+ B@g8 33. Rxg8+ Kxg8 
34. B@f7+ Bxf7 35. exf7+ Kxf7 36. N@h8+ Ke7 37. B@f8+ Kd8 38. Nf7+ Ke8 39. Q@c8# 
{Lomboc forfeits on time} 1-0

[Event "fics rated crazyhouse match"]
[Site "fics, Oklahoma City, OK USA"]
[Date "2000.03.19"]
[White "Lomboc"]
[WhiteElo "2121"]
[Black "Gobi"]
[BlackElo "2342"]
[TimeControl "60+0"]
[Result "0-1"]

1. e4 Nf6 2. Nc3 d5 3. exd5 Nxd5 4. Nxd5 Qxd5 5. d4 e5 6. Nf3 
e4 7. N@e3 Qd8 8. Ne5 Bd6 9. Nxf7 Kxf7 10. d5 Rf8 11. P@h5 Kg8 
12. P@g6 P@f7 13. gxf7+ Rxf7 14. P@g6 Rf6 15. gxh7+ Kxh7 16. Ng4 Bxg4 17. Qxg4 
Bb4+ 18. B@c3 Bxc3+ 19. bxc3 Qxd5 20. B@g6+ Kh8 21. P@f7 Nd7 22. Qg5 Qxg5 
23. Bxg5 P@d2+ 24. Bxd2 Rxg6 25. Bd3 exd3 26. hxg6 N@f6 
{Lomboc forfeits on time} 0-1

[Event "fics rated crazyhouse match"]
[Site "fics, Oklahoma City, OK USA"]
[Date "2000.03.19"]
[White "Gobi"]
[WhiteElo "2346"]
[Black "Lomboc"]
[BlackElo "2117"]
[TimeControl "60+0"]
[Result "0-1"]

1. e4 e6 2. d4 Bb4+ 3. Bd2 Be7 4. Nf3 d5 5. e5 Nc6 6. Nc3 
Bd7 7. Bd3 f6 8. O-O f5 9. Ne2 Bf8 10. Ng3 Qe7 11. c3 h6 
12. h4 O-O-O 13. h5 Qf7 14. Nh4 Be7 15. Ng6 Rh7 16. b4 Bf8 17. Nxf8 
Qxf8 18. b5 Nb8 19. a4 f4 20. Bxh7 fxg3 21. fxg3 N@f5 22. Bxf5 exf5 
23. B@c5 B@e7 24. Bxa7 N@a8 25. Bxb8 Kxb8 26. P@c6 bxc6 27. N@a6+ Ka7 28. P@c5 
P@b6 29. Nxc7 bxc5 30. Nxa8 Rxa8 31. R@a6+ Kb7 32. N@a5+ Kc7 33. P@d6+ Bxd6 
34. exd6+ Kxd6 35. B@b6 Ke6 36. Bxc5 B@e3+ 37. Bxe3 N@f3+ 38. Kh1 Nh4 
{Gobi forfeits on time} 0-1

[Event "fics rated crazyhouse match"]
[Site "fics, Oklahoma City, OK USA"]
[Date "2000.03.19"]
[White "Lomboc"]
[WhiteElo "2130"]
[Black "Gobi"]
[BlackElo "2333"]
[TimeControl "60+0"]
[Result "0-1"]

1. e4 Nf6 2. e5 Nd5 3. d4 d6 4. Nf3 Bg4 5. exd6 cxd6 6. Nc3 
e6 7. Nxd5 exd5 8. Be2 Nc6 9. Ng5 Bxe2 10. Qxe2+ P@e4 11. B@b5 Be7 
12. Nxf7 Kxf7 13. Bxc6 bxc6 14. P@f5 Rf8 15. P@e6+ Kg8 16. N@f7 Qb6 17. Bh6 
Qxd4 18. Bxg7 Qxg7 19. N@h6+ Qxh6 20. Nxh6+ Kh8 21. Nf7+ Rxf7 22. exf7 B@h6 
23. R@e8+ Rxe8 24. fxe8=Q+ B@g8 25. Qxe7 P@d2+ 26. Kf1 B@g7 27. f6 R@c1+ 28. R@d1 
Rxd1+ 29. Rxd1 R@e1+ 30. Rxe1 N@g3+ 31. fxg3 dxe1=Q+ 32. Qxe1 N@e3+ 33. Qxe3 R@d1+ 
34. B@e1 N@d2# 
{Lomboc forfeits on time} 0-1

[Event "fics rated crazyhouse match"]
[Site "fics, Oklahoma City, OK USA"]
[Date "2000.03.19"]
[White "Gobi"]
[WhiteElo "2337"]
[Black "Thufir"]
[BlackElo "2364"]
[TimeControl "60+0"]
[Result "0-1"]

1. e4 e6 2. Nc3 Nc6 3. Nf3 Nf6 4. e5 Nd5 5. Nxd5 exd5 6. Bb5 
Be7 7. d4 d6 8. N@e3 dxe5 9. Nxe5 O-O 10. Bxc6 bxc6 11. Nxc6 Qd7 
12. Nxe7+ Qxe7 13. P@f3 N@f4 14. B@f1 P@e2 15. Qxe2 Nxe2 16. Bxe2 N@f4 17. Rg1 
Nxe2 18. Kxe2 B@h6 19. P@e5 Ba6+ 20. P@d3 B@g6 21. Nxd5 Bgxd3+ 22. cxd3 Q@c2+ 
23. Ke1 P@d2+ 24. Kf1 d1=Q+ 25. B@e1 Qce2# 
{Gobi checkmated} 0-1

[Event "fics rated crazyhouse match"]
[Site "fics, Oklahoma City, OK USA"]
[Date "2000.03.19"]
[White "Thufir"]
[WhiteElo "2371"]
[Black "Gobi"]
[BlackElo "2330"]
[TimeControl "60+0"]
[Result "0-1"]

1. e4 Nf6 2. Nc3 Nc6 3. d4 d5 4. exd5 Nxd5 5. Nf3 Bg4 6. Bb5 
Nxc3 7. bxc3 N@d6 8. Bxc6+ bxc6 9. N@e5 B@d7 10. P@c5 Ne4 11. Nxd7 Bxd7 
12. N@e5 Nxc3 13. Nxf7 Nxd1 14. Nxd8 Nxf2 15. B@h5+ Kxd8 16. Bg5 Ne4 17. O-O 
P@f2+ 18. Kh1 P@h3 19. Q@g4 Bxg4 20. Bxg4 hxg2+ 21. Kxg2 Nxg5 22. Nxg5 N@f4+ 
23. Kf3 N@d2+ 24. Ke3 Nd5+ 25. Kxd2 Q@e3+ 26. Kd1 Nc3# 
{Thufir checkmated} 0-1

[Event "fics rated crazyhouse match"]
[Site "fics, Oklahoma City, OK USA"]
[Date "2000.03.19"]
[White "Gobi"]
[WhiteElo "2339"]
[Black "Thufir"]
[BlackElo "2362"]
[TimeControl "60+0"]
[Result "1-0"]

1. e4 e6 2. Nc3 Nc6 3. Nf3 Bb4 4. Bb5 d6 5. Qe2 Nf6 6. O-O 
Bd7 7. Nd5 exd5 8. exd5+ N@e5 9. Nxe5 Nxe5 10. d4 Bxb5 11. Qxb5+ B@d7 
12. Qxb4 N@f3+ 13. Kh1 Nxd4 14. Qxd4 O-O 15. Bg5 P@h3 16. Rg1 hxg2+ 17. Rxg2 
Bh3 18. Rg3 P@g2+ 19. Kg1 c5 20. Qd1 Qd7 21. Bxf6 Nf3+ 22. Qxf3 
{Thufir resigns} 1-0

[Event "fics rated crazyhouse match"]
[Site "fics, Oklahoma City, OK USA"]
[Date "2000.03.19"]
[White "Thufir"]
[WhiteElo "2353"]
[Black "Gobi"]
[BlackElo "2348"]
[TimeControl "60+0"]
[Result "1-0"]

1. e4 Nc6 2. Nc3 Nf6 3. d4 e5 4. dxe5 Nxe5 5. Nf3 Nxf3+ 6. gxf3 
d6 7. Rg1 Be6 8. P@d5 Bd7 9. Bg5 Be7 10. N@f5 Bxf5 11. exf5 Nxd5 
12. Bxe7 Qxe7+ 13. B@e4 Nxc3 14. bxc3 B@c6 15. B@b5 N@d7 16. Bxc6 bxc6 17. N@h5 
B@e5 18. B@d4 Bxd4 19. Qxd4 N@e5 20. Nxg7+ Kd8 21. B@h5 B@f6 22. Qd2 P@g6 
23. fxg6 hxg6 24. P@g5 Bxg7 25. P@f6 Nxf6 26. gxf6 Bxf6 27. N@b7+ Ke8 28. Bfd3 
Rxh5 29. Rb1 Nxf3+ 30. Kd1 Nxd2 31. Kxd2 Qxe4 32. N@g7+ Bxg7 33. Bxe4 N@c4+ 
34. Ke2 Q@d2+ 35. Kf1 N@e5 36. Q@e2 Kd7 37. Qxd2 Nxd2+ 38. Ke2 P@f3+ 39. Bxf3 
{Gobi forfeits on time} 1-0

[Event "fics rated crazyhouse match"]
[Site "fics, Oklahoma City, OK USA"]
[Date "2000.03.19"]
[White "Gobi"]
[WhiteElo "2340"]
[Black "Thufir"]
[BlackElo "2361"]
[TimeControl "60+0"]
[Result "1-0"]

1. e4 e6 2. Nc3 d6 3. Nf3 Nf6 4. e5 dxe5 5. Nxe5 P@d6 6. Nxf7 
Kxf7 7. d4 Be7 8. P@g5 Nfd7 9. h4 Qf8 10. d5 exd5 11. Nxd5 P@e6 
12. Nxc7 N@a6 13. Bxa6 Nxa6 14. Qh5+ B@g6 15. Qf3+ Nf6 16. Nxa8 Ke8 17. gxf6 
Bxf6 18. N@c7+ Nxc7 19. Nxc7+ Kd7 20. Nb5 P@c7 21. P@d5 Qe7 22. P@c6+ Ke8 
23. P@d7+ Bxd7 24. Nxc7+ Kd8 25. cxd7 Kxc7 26. N@b5+ Kxd7 27. R@c7+ Ke8 28. Rxe7+ 
Kxe7 29. Q@c7+ P@d7 30. Qxd6+ Ke8 31. dxe6 R@e4+ 32. Qxe4 P@d2+ 33. Bxd2 N@f3+ 
34. Kd1 N@e5 35. R@c8# 
{Thufir forfeits on time} 1-0

[Event "fics rated crazyhouse match"]
[Site "fics, Oklahoma City, OK USA"]
[Date "2000.03.19"]
[White "Thufir"]
[WhiteElo "2353"]
[Black "Gobi"]
[BlackElo "2348"]
[TimeControl "60+0"]
[Result "0-1"]

1. e4 e5 2. Nc3 Nc6 3. Bc4 Nf6 4. Nf3 Bc5 5. O-O O-O 6. d3 
d6 7. Bg5 Be6 8. Bxe6 fxe6 9. Bxf6 Qxf6 10. B@g5 Qf7 11. Qd2 B@h5 
12. N@e1 B@g4 13. h3 Bxf3 14. gxf3 Nd4 15. B@g2 N@f4 16. Bxf4 exf4 17. N@g5 
Qg6 18. h4 h6 19. Nh3 Bxf3 20. Nxf4 Rxf4 21. Qxf4 B@e2 22. P@f7+ Kh8 
23. R@g8+ Rxg8 24. fxg8=Q+ Kxg8 25. R@f8+ Kh7 26. Nxf3 N@h3+ 27. Kh2 Qxg2+ 28. Kxg2 
Nxf4+ 29. Rxf4 Q@g4+ 30. B@g3 Bxf3+ 31. Rxf3 Qxf3+ 32. Kh2 R@g2+ 33. Kh1 Rxg3+ 
34. Kh2 Qg2# 
{Thufir checkmated} 0-1

[Event "fics rated crazyhouse match"]
[Site "fics, Oklahoma City, OK USA"]
[Date "2000.03.19"]
[White "Gobi"]
[WhiteElo "2356"]
[Black "Thufir"]
[BlackElo "2345"]
[TimeControl "60+0"]
[Result "1-0"]

1. e4 e6 2. Nc3 Nc6 3. Nf3 Nf6 4. e5 Bb4 5. exf6 Qxf6 6. Ne4 
Qe7 7. a3 Ba5 8. Bb5 P@d5 9. Ng3 a6 10. Bxc6 dxc6 11. O-O B@g4 
12. N@e5 Bxf3 13. Nxf3 f5 14. Ne5 O-O 15. N@g6 hxg6 16. Nxg6 Qe8 17. Nxf8 
Qxf8 18. B@g6 N@f6 19. P@f7+ Kh8 20. Nh5 N@e7 21. Nxf6 
{Thufir resigns} 1-0